 Dungeon Crawl Stone Soup version 0.31-a0-868-g674d60d6f7 (webtiles) character file.

Game seed: 969341314611424944

245 miscthings the Charlatan (level 6, -4/47 HPs)
             Began as a Gnoll Artificer on Oct 11, 2023.
             Blown up by Ijyb (9 damage)
             ... with a mindburst bolt
             ... on level 4 of the Dungeon.
             The game lasted 00:07:27 (2409 turns).

miscthings the Charlatan (Gnoll Artificer)          Turns: 2409, Time: 00:07:27

Health: -4/47      AC:  8    Str: 13    XL:     6   Next: 10%
Magic:  8/8        EV: 11    Int: 11    God:
Gold:   112        SH:  0    Dex: 12    Spells: 8/8 levels left

rFire   . . .        w - +4 quarterstaff (chaos)
rCold   . . .        (shield currently unavailable)
rNeg    . . .        a - +0 ring mail
rPois   .            o - +0 helmet
rElec   .            x - +0 cloak
rCorr   .            (no gloves)
SInv    .            (no boots)
Will    .....        (no amulet)
Stlth   +            (no ring)
HPRegen 0.27/turn    (no ring)
MPRegen 0.11/turn

%: no passive effects
@: no status effects
A: fangs 1, strong nose, distributed training
a: no special abilities


You were on level 4 of the Dungeon.
You visited 1 branch of the dungeon, and saw 4 of its levels.

You collected 112 gold pieces.

Inventory:

Hand Weapons
 h - a +0 mace
 i - a +0 dagger
 q - a +0 trident
 w - a +4 quarterstaff of chaos (weapon)
Missiles
 t - 5 poisoned darts (quivered)
Armour
 a - a +0 ring mail (worn)
 b - a +0 leather armour
 o - a +0 helmet (worn)
 x - a +0 cloak (worn)
Wands
 c - a wand of flame (13)
 d - a wand of charming (14)
 e - a wand of iceblast (4)
Scrolls
 f - a scroll of identify {unknown}
 g - a scroll of vulnerability {unknown}
 j - 2 scrolls of teleportation {unknown}
 k - a scroll of amnesia {unknown}
 l - a scroll of blinking {unknown}
 m - 2 scrolls of immolation {unknown}
 v - a scroll of fog {unknown}
Potions
 n - a potion of enlightenment {unknown}
 p - 2 potions of haste {unknown}
 r - a potion of mutation {unknown}
 s - a potion of curing {unknown}
 u - 2 potions of heal wounds {unknown}


   Skills:
 + Level 3.2 Fighting
 + Level 1.8 Short Blades
 + Level 1.8 Long Blades
 + Level 1.8 Axes
 + Level 1.8 Maces & Flails
 + Level 1.8 Polearms
 + Level 1.8 Staves
 + Level 1.8 Ranged Weapons
 + Level 1.8 Throwing
 + Level 4.9 Armour
 + Level 3.2 Dodging
 + Level 3.0 Stealth
 + Level 1.8 Shields
 + Level 1.8 Unarmed Combat
 + Level 1.8 Spellcasting
 + Level 1.4 Conjurations
 + Level 1.4 Hexes
 + Level 1.4 Summonings
 + Level 1.4 Necromancy
 + Level 1.4 Translocations
 + Level 1.4 Transmutations
 + Level 1.4 Fire Magic
 + Level 1.4 Ice Magic
 + Level 1.4 Air Magic
 + Level 1.4 Earth Magic
 + Level 1.4 Poison Magic
 + Level 2.0 Invocations
 + Level 6.8 Evocations
 + Level 1.6 Shapeshifting


You had 8 spell levels left.
You didn't know any spells.
Your spell library contained the following spells:

 Spells                   Type           Power      Damage    Failure   Level
 Sting                    Tmut/Pois      16%        1d3       32%         1
 Ensorcelled Hibernation  Hex/Ice        8%         N/A       43%         2
 Jinxbite                 Hex            8%         N/A       43%         2
 Poisonous Vapours        Pois/Air       8%         N/A       43%         2
 Anguish                  Hex/Necr       2%         N/A       97%         4
 Olgreb's Toxic Radiance  Pois           4%         N/A       97%         4
 Vhi's Electric Charge    Tloc/Air       8%         N/A       97%         4
 Arcjolt                  Conj/Air       2%         1d12      100%        5
 Maxwell's Capacitive Co  Air            2%         ∞         100%        8


Dungeon Overview and Level Annotations

Branches:
Dungeon (4/15)
 Temple: D:4-7

Altars:
Kikubaaqudgha

Annotations:
D:4 Ijyb


Innate Abilities, Weirdness & Mutations

You have very sharp teeth.
Your uncanny sense of smell can sniff out nearby items.
Your experience applies equally to all skills.


Message History

You have reached level 6!
There is an open translucent door here.
Things that are here:
a +4 quarterstaff of chaos; a +0 cloak
w - a +4 quarterstaff of chaos;
x - a +0 cloak Your +4 quarterstaff of chaos is briefly surrounded by a scintillating aura of random colours.
w - a +4 quarterstaff of chaos (weapon)
Okay, then.
You start putting on your armour.
You continue putting on your +0 cloak. x4
You finish putting on your +0 cloak.
Okay, then.
There is an open translucent door here.
A dart slug comes into view.
The dart slug moves out of view.
Found 5 poisoned darts.
Ijyb the Twisted Goblin comes into view.
She is wielding a +0 dagger and carrying a wand of mindburst.
Found 9 gold pieces.
The dart slug closely misses you.
You hit the dart slug.
The dart slug is severely wounded.
The dart slug briefly extends its eye-stalks.
The dart slug closely misses you. The dart slug barely misses you.
You hit the dart slug. You freeze the dart slug.
You kill the dart slug!
Ijyb zaps a wand.
Your mind is blasted!
Ijyb hits you with a +0 dagger.
You see here a dart slug corpse.
You barely miss Ijyb. Ijyb hits you with a +0 dagger.
You closely miss Ijyb. Ijyb hits you with a +0 dagger.
You closely miss Ijyb.
Ijyb screams, "Die!"
Ijyb hits you but does no damage.
You barely miss Ijyb.
Ijyb splashes around in the water.
You barely miss Ijyb. Your bite misses Ijyb.
Ijyb zaps a wand.
Your mind is blasted!
* * * LOW HITPOINT WARNING * * *
Ijyb zaps a wand.
You barely resist. You closely miss Ijyb.
Ijyb zaps a wand.
Your mind is blasted!
You die...

# .......... #.
...~....~. .##.........
#.......~~$..
#.#.....~~...
#.##.(.......
#.#...g....~.
#.#..@....... #####
#.#..........
....########.#....####..
......................
########.....######....
##.#### .### ########.#
# ##.#....#.#
..#.......#


You could see Ijyb.

Vanquished Creatures
  An ogre (D:3)
  Crazy Yiuf (D:4)
  Robin (D:2)
  3 adders
  A worm (D:3)
  4 dart slugs
  5 bats
  10 endoplasms
  2 giant cockroaches
  14 goblins
  8 hobgoblins
  6 jackals (D:1)
  2 kobolds (D:2)
  6 ball pythons
  3 frilled lizards (D:1)
  5 rats
72 creatures vanquished.

Vanquished Creatures (collateral kills)
  An adder (D:2)
  A goblin (D:2)
2 creatures vanquished.

Grand Total: 74 creatures vanquished

Notes
Turn   | Place    | Note
-------+----------+-------------------------------------------
     0 | D:1      | miscthings the Gnoll Artificer began the quest for the Orb.
     0 | D:1      | Reached XP level 1. HP: 17/17 MP: 1/1
   124 | D:1      | Reached XP level 2. HP: 10/23 MP: 2/2
   443 | D:1      | Reached XP level 3. HP: 24/28 MP: 3/3
   701 | D:1      | Reached skill level 1 in Invocations
  1017 | D:2      | Found an ancient bone altar of Kikubaaqudgha.
  1109 | D:2      | Reached skill level 1 in Short Blades
  1109 | D:2      | Reached skill level 1 in Long Blades
  1109 | D:2      | Reached skill level 1 in Axes
  1109 | D:2      | Reached skill level 1 in Maces & Flails
  1109 | D:2      | Reached skill level 1 in Polearms
  1109 | D:2      | Reached skill level 1 in Staves
  1109 | D:2      | Reached skill level 1 in Ranged Weapons
  1109 | D:2      | Reached skill level 1 in Throwing
  1109 | D:2      | Reached skill level 1 in Shields
  1109 | D:2      | Reached skill level 1 in Unarmed Combat
  1109 | D:2      | Reached skill level 1 in Spellcasting
  1303 | D:2      | Reached skill level 1 in Shapeshifting
  1303 | D:2      | Reached XP level 4. HP: 17/34 MP: 5/5
  1920 | D:2      | Noticed Robin
  1940 | D:2      | Killed Robin
  1941 | D:2      | Reached skill level 1 in Conjurations
  1941 | D:2      | Reached skill level 1 in Hexes
  1941 | D:2      | Reached skill level 1 in Summonings
  1941 | D:2      | Reached skill level 1 in Necromancy
  1941 | D:2      | Reached skill level 1 in Translocations
  1941 | D:2      | Reached skill level 1 in Transmutations
  1941 | D:2      | Reached skill level 1 in Fire Magic
  1941 | D:2      | Reached skill level 1 in Ice Magic
  1941 | D:2      | Reached skill level 1 in Air Magic
  1941 | D:2      | Reached skill level 1 in Earth Magic
  1941 | D:2      | Reached skill level 1 in Poison Magic
  2063 | D:3      | Reached XP level 5. HP: 40/40 MP: 5/7
  2071 | D:3      | Noticed an ogre
  2076 | D:3      | Killed an ogre
  2363 | D:4      | Found a runed translucent door.
  2364 | D:4      | Noticed Crazy Yiuf
  2369 | D:4      | Killed Crazy Yiuf
  2370 | D:4      | Reached XP level 6. HP: 34/47 MP: 8/8
  2397 | D:4      | Noticed Ijyb
  2409 | D:4      | Blown up by Ijyb

Illustrated notes

Levels and vault maps discovered:
D:1:      wander_arrival_peaceful_grave, layout_basic, serial_rivers,
          chequers_serial_rivers_small_b, chequers_serial_rivers_micro_e,
          chequers_serial_rivers_small_a, chequers_serial_rivers_micro_e,
          minivault_26, minmay_split_cup_small
D:2:      layout_basic, basic_altar, minmay_misc_feat_doors, uniq_robin
D:3:      layout_loops_ring, bloody_trog
D:4:      layout_basic, skrybe_limestone_x, nicolae_figureground_pulse,
          uniq_ijyb, uniq_crazy_yiuf_cottage

Skill      XL: |  1  2  3  4  5 |
---------------+----------------+-----
Invocations    | 1 2 |  2.0
Short Blades   | 1 |  1.8
Long Blades    | 1 |  1.8
Axes           | 1 |  1.8
Maces & Flails | 1 |  1.8
Polearms       | 1 |  1.8
Staves         | 1 |  1.8
Ranged Weapons | 1 |  1.8
Throwing       | 1 |  1.8
Shields        | 1 |  1.8
Unarmed Combat | 1 |  1.8
Spellcasting   | 1 |  1.8
Shapeshifting  | 1 |  1.6
Conjurations   | 1 |  1.4
Hexes          | 1 |  1.4
Summonings     | 1 |  1.4
Necromancy     | 1 |  1.4
Translocations | 1 |  1.4
Transmutations | 1 |  1.4
Fire Magic     | 1 |  1.4
Ice Magic      | 1 |  1.4
Air Magic      | 1 |  1.4
Earth Magic    | 1 |  1.4
Poison Magic   | 1 |  1.4
Fighting       | 3 |  3.2
Dodging        | 3 |  3.2
Stealth        | 3 |  3.0
Armour         | |  4.9
Evocations     | |  6.8

Action                     |  1- 3 |  4- 6 || total
---------------------------+-------+-------++-------
  Melee: Club              |    79 |       ||    79
         Bite              |    14 |     6 ||    20
         Dagger            |   146 |    72 ||   218
         Punch             |     1 |     1 ||     2
         Trident           |       |    38 ||    38
         Quarterstaff      |       |     8 ||     8
  Evoke: Wand              |     1 |     3 ||     4
   Stab: Sleeping          |     2 |       ||     2
 Armour: Leather armour    |    36 |       ||    36
         Ring mail         |   109 |    64 ||   173
  Dodge: Dodged            |   182 |    54 ||   236

Table legend: (Time is in decaauts)
 A = Elapsed time spent in this place.
 B = Non-inter-level travel time spent in this place.
 C = Inter-level travel time spent in this place.
 D = Time resting spent in this place.
 E = Time spent auto-exploring this place.
 F = Levels seen in this place.
 G = Mean time per level.
                   A        B        C        D        E       F      G
               +--------+--------+--------+--------+--------+-----+--------+
         Total |   2432 |   2372 |     60 |      0 |   1468 |   4 |  608.0 |
       Dungeon |   2432 |   2372 |     60 |      0 |   1468 |   4 |  608.0 |
               +--------+--------+--------+--------+--------+-----+--------+

Top non-repeatable levels by time:
     D:1: 1034 daAuts
     D:2: 952 daAuts
     D:3: 242 daAuts
     D:4: 203 daAuts
